AoeStats
← 學友哥哥

Arabia

509573943Analyzed
1v1 RM · 4d ago on Sep 27, 2026· 45m 4s· 2 players
Game mode
Random Map
Map size
Tiny (2 player)
Population
200
Speed
Normal
Resources
Standard
Victory
Conquest
Starting age
Dark Age
Ending age
Imperial Age
RankedLock teamsTeams togetherTeam positionsShared explorationLock speedFull tech treeHidden civsTurbo modeCheats
Victory
Defeat
🇹🇼 Ethiopians · Taiwan
1084
+15
🇸🇰 Britons · Slovakia
1056
-15
dominko
6:49 Loom
9:36 Feudal Age
10:12 Double-Bit Axe
15:00 Fletching
18:43 Wheelbarrow
21:46 Castle Age
19:43 Horse Collar
21:43 Gold Mining
22:06 Crossbowman
22:45 Bodkin Arrow
24:16 Elite Skirmisher
26:23 Bow Saw
30:39 Stone Mining
30:51 Heavy Plow
34:44 Padded Archer Armor
42:03 Imperial Age
42:07 Ballistics
學友哥哥
2:11 Loom
10:17 Feudal Age
13:19 Double-Bit Axe
16:07 Castle Age
15:02 Fletching
16:21 Padded Archer Armor
16:17 Crossbowman
18:52 Bow Saw
22:08 Gold Mining
22:36 Horse Collar
25:46 Bodkin Arrow
27:36 Wheelbarrow
27:17 Heavy Plow
28:32 Thumb Ring
29:56 Gold Shaft Mining
32:38 Hand Cart
34:18 Leather Archer Armor
38:10 Imperial Age
35:30 Town Watch
36:45 Scale Barding Armor
36:51 Forging
36:30 Elite Skirmisher
38:07 Ballistics
38:34 Arbalester
39:31 Bracer
40:53 Chemistry
41:17 Conscription
41:38 Royal Heirs
41:01 Cavalier
42:57 Two-Man Saw
44:10 Ring Archer Armor
44:30 Elite Shotel Warrior
Connection lost

Rejoining the realm…

Still unreachable

The connection could not be restored.

Session expired

The server has moved on; the page needs a fresh start.